Pick #1

Connor Bedard
Pick #2

Leo Carlsson
Pick #3

Adam Fantilli
Pick #4

Matvei Michkov
Pick #5

David Reinbacher
Pick #6

William Smith
Pick #7

Zachary Benson
Pick #8

Ryan Leonard
Pick #9

Gabriel Perreault
Pick #10

Axel Sandin-Pellika
Pick #11

Daniil But
Pick #12

Dalibor Dvorsky
Pick #13

Quentin Musty
Pick #14

Brayden Yager
Pick #15

Dmitry Simashev
Pick #16

Colby Barlow
Pick #17

Andrew Cristall
Pick #18

Easton Cowan
Pick #19

Jacob Fowler
Pick #20

Oliver Moore
Pick #21

Oliver Bonk
Pick #22

Tom Willander
Pick #23

Calum Ritchie
Pick #24

Tanner Molendyk
Pick #25

Gavin Brindley
Pick #26

Nate Danielson
Pick #27

Pick #28

Pick #29

Pick #30

Pick #31

Pick #32

Pick #33

Pick #34

Pick #35

Pick #36

Pick #37

Pick #38

Pick #39

Pick #40

Pick #41

Pick #42

Pick #43

Pick #44

Pick #45

Pick #46

Pick #47

Pick #48

Pick #49

Pick #50

Pick #51

Pick #52

Pick #53

Pick #54

Pick #55

Pick #56

Pick #57

Pick #58

Pick #59

Pick #60

Pick #61

Pick #62

Pick #63

Pick #64

Pick #65

Pick #66

Pick #67

Pick #68

Pick #69

Pick #70

Pick #71

Pick #72

Pick #73

Pick #74

Pick #75

Pick #76

Pick #77

Pick #78

Pick #79

Pick #80

Pick #81

Pick #82

Pick #83

Pick #84

Pick #85

Pick #86

Pick #87

Pick #88

Pick #89

Pick #90

Pick #91

Pick #92

Pick #93

Pick #94

Pick #95

Pick #96

Pick #97

Pick #98

Pick #99

Pick #100

Pick #101

Pick #102

Pick #103

Pick #104

Pick #105

Pick #106

Pick #107

Pick #108

Pick #109

Pick #110

Pick #111

Pick #112

Pick #113

Pick #114

Pick #115

Pick #116

Pick #117

Pick #118

Pick #119

Pick #120

Pick #121

Pick #122

Pick #123

Pick #124

Pick #125

Pick #126

Pick #127

Pick #128

Pick #129

Pick #130

Full Scoreboard »»

Devils vs Capitals

Created - January 11, 2024 at 12:30

Goals
1 2 3 T
Devils 1 1 2 4
Capitals 1 1 0 2
Shots
1 2 3 T
Devils 20 8 8 36
Capitals 9 11 5 25

GoalsPenalties
1st period
1. Devils , Damon Severson 12 (Matt Boldy 8, Evgeni Malkin 18) at 7:12
2. Capitals , Cody Ceci 3 (Morgan Frost 4, Quinton Byfield 9) at 9:55 (PP)
Jonas Siegenthaler (WSH) for High sticking (Minor) at 0:39
Michael Rasmussen (WSH) for Elbowing (Minor) at 3:06
Erik Gustafsson (NJD) for Hooking (Minor) at 9:43
Elias Pettersson (WSH) for Holding (Minor) at 10:02
2nd period
3. Capitals , Noah Dobson 5 (Kaapo Kakko 10, Elias Pettersson 11) at 5:47
4. Devils , Mathieu Joseph 7 (Dylan Cozens 9) at 17:16
Dylan Cozens (NJD) for Elbowing (Minor) at 1:33
Elias Pettersson (WSH) for Hooking (Minor) at 11:12
Dougie Hamilton (NJD) for Holding (Minor) at 19:16
3rd period
5. Devils , Travis Konecny 12 (Damon Severson 18, Chris Kreider 18) at 14:39
6. Devils , Chris Kreider 19 (Dougie Hamilton 17, Mikhail Sergachev 21) at 19:18 (Empty Net)
Dylan Cozens (NJD) for Cross-checking (Minor) at 2:51
Matias Maccelli (WSH) for Hooking (Minor) at 6:41
Mathieu Joseph (NJD) for Elbowing (Minor) at 17:13
Goalie Stats
Andrei Vasilevskiy (NJD), 23 saves from 25 shots - (0.920), W, 14-6-4, 60:00 minutes
Joonas Korpisalo (WSH), 32 saves from 35 shots - (0.914), L, 5-9-1, 59:44 minutes
3 StarsOfficial
1 - Chris Kreider (NJD)
2 - Damon Severson (NJD)
3 - Travis Konecny (NJD)
Referees : Andrew Wilk and Sean MacFarlane
Linesman : Brad Kovachik and Scott Driscoll
Game Note
Chris Kreider has scored in a empty net!
Finance
Level 1 -- Attendance: 2621 (40.32%) -- Ticket Income $655,250
Level 2 -- Attendance: 1903 (38.06%) -- Ticket Income $380,600
Level 3 -- Attendance: 1003 (28.66%) -- Ticket Income $175,525
Level 4 -- Attendance: 746 (29.77%) -- Ticket Income $111,900
Luxury Box -- Attendance: 446 (44.60%) -- Ticket Income $178,400
Game was played at the Verizon Center.
Total Attendance: 6719 (36.31%)
Total Ticket Income: $1,501,675
Other Income: $375,419
Total Income: $1,877,094



Team Name Goals Shots Shots Attemp Shots Blocked PIM HIT PP PK FO%
Devils 43670510190 / 5 (0%)146%
Capitals 225531310281 / 5 (20%)054%

Devils
Player Name POS G A P +/- PIM HIT SHT SB MP PP MP PP SHT PK MP PK SHT FO% FOT
Chris KreiderLW1122036118:165:2620:0000% 2
Damon SeversonD1121011123:415:1404:2200% 0
Dominik KubalikLW000000004:270:0002:2100% 0
Dougie HamiltonD0111214022:164:4122:5900% 0
Dylan CozensC0111400016:210:0002:43050% 18
Erik GustafssonD0001211023:015:1413:4300% 0
Evgeni MalkinC0110014019:524:2902:02056% 25
Justin SchultzD0001001317:510:0004:3600% 0
Kyle OkposoRW000002007:240:0005:18050% 2
Mathieu JosephRW1011232014:080:0000:29025% 4
Matt BoldyLW0110022017:504:2910:0000% 0
Mike HoffmanLW0001002013:400:0000:0000% 2
Mikhail SergachevD0111026019:364:4150:1800% 0
Nicklas BackstromC000000005:290:0003:23033% 6
Nino NiederreiterRW0000023017:504:2910:0000% 1
Sam ReinhartC0002010018:165:2600:00044% 27
Travis KonecnyRW1012004018:165:2600:00067% 3
Urho VaakanainenD0001000013:330:0000:1800% 0
Capitals
Player Name POS G A P +/- PIM HIT SHT SB MP PP MP PP SHT PK MP PK SHT FO% FOT
Alex NylanderLW000000105:110:0001:0300% 0
Ben HuttonD000-1032220:544:3815:4800% 0
Christian FischerRW000000000:000:0000:0000% 0
Cody CeciD1010052426:324:3926:2200% 0
David KampfC000-1001011:140:0000:4600% 1
Elias PetterssonC011-2442116:310:0000:00047% 19
Jonas SiegenthalerD000-1241122:353:2903:1500% 0
Jordan GreenwayLW0000020017:294:1200:0000% 0
Kaapo KakkoRW011-2002016:330:0000:0000% 1
Kevin LabancRW0000001013:170:0000:0000% 0
Matias MaccelliLW000-2213022:564:1202:3400% 1
Michael RasmussenC000-1220115:073:5602:51083% 18
Morgan FrostC011000008:254:3900:000100% 1
Noah DobsonD101-1022123:313:2904:2500% 0
Pavel ZachaC0000013013:170:0000:00048% 23
Quinton ByfieldC011-1034322:213:5636:18043% 7
Samuel BolducD000-2010015:590:0100:0000% 0
Tyler JohnsonC000-1001018:083:2906:18053% 19



Play-by-Play

1st period


0:01 of 1st period - Sam Reinhart wins face-off versus Elias Pettersson in neutral zone.
0:08 of 1st period - Shot by Dougie Hamilton.
0:08 of 1st period - Stopped by Joonas Korpisalo without a rebound.
0:09 of 1st period - Evgeni Malkin wins face-off versus Pavel Zacha in Capitals zone.
0:09 of 1st period - Erik Gustafsson is hit by Jonas Siegenthaler and loses puck.
0:39 of 1st period - Minor Penalty to Jonas Siegenthaler for High sticking.
0:40 of 1st period - Tyler Johnson wins face-off versus Sam Reinhart in Capitals zone.
0:49 of 1st period - Shot by Mikhail Sergachev.
0:49 of 1st period - Stopped by Joonas Korpisalo without a rebound.
0:50 of 1st period - Michael Rasmussen wins face-off versus Sam Reinhart in Capitals zone.
0:50 of 1st period - Michael Rasmussen is hit by Chris Kreider.
0:59 of 1st period - Off-side.
1:00 of 1st period - Tyler Johnson wins face-off versus Evgeni Malkin in neutral zone.
1:20 of 1st period - Shot by Matt Boldy.
1:20 of 1st period - Stopped by Joonas Korpisalo without a rebound.
1:21 of 1st period - Travis Konecny wins face-off versus Tyler Johnson in Capitals zone.
1:24 of 1st period - Shot by Dougie Hamilton.
1:24 of 1st period - Shot Misses the Net.
1:28 of 1st period - Shot by Mikhail Sergachev.
1:28 of 1st period - Stopped by Joonas Korpisalo without a rebound.
1:29 of 1st period - Tyler Johnson wins face-off versus Sam Reinhart in Capitals zone.
2:02 of 1st period - Shot by Mikhail Sergachev.
2:02 of 1st period - Stopped by Joonas Korpisalo without a rebound.
2:03 of 1st period - Evgeni Malkin wins face-off versus Tyler Johnson in Capitals zone.
2:04 of 1st period - Shot by Erik Gustafsson.
2:04 of 1st period - Shot Misses the Net.
2:06 of 1st period - Shot by Damon Severson.
2:06 of 1st period - Shot Misses the Net.
2:16 of 1st period - Shot by Evgeni Malkin.
2:16 of 1st period - Shot Blocked by Quinton Byfield.
2:18 of 1st period - Shot by Erik Gustafsson.
2:18 of 1st period - Stopped by Joonas Korpisalo without a rebound.
2:19 of 1st period - Tyler Johnson wins face-off versus Evgeni Malkin in Capitals zone.
2:19 of 1st period - Tyler Johnson is hit by Matt Boldy.
2:29 of 1st period - Shot by Dougie Hamilton.
2:29 of 1st period - Stopped by Joonas Korpisalo without a rebound.
2:30 of 1st period - Travis Konecny wins face-off versus Tyler Johnson in Capitals zone.
2:55 of 1st period - Shot by Mike Hoffman.
2:55 of 1st period - Stopped by Joonas Korpisalo without a rebound.
2:56 of 1st period - Michael Rasmussen wins face-off versus Sam Reinhart in Capitals zone.
3:03 of 1st period - Shot by Tyler Johnson.
3:03 of 1st period - Stopped by Andrei Vasilevskiy with a rebound.
3:06 of 1st period - Minor Penalty to Michael Rasmussen for Elbowing.
3:07 of 1st period - Evgeni Malkin wins face-off versus Tyler Johnson in Capitals zone.
3:35 of 1st period - Shot by Mikhail Sergachev.
3:35 of 1st period - Stopped by Joonas Korpisalo without a rebound.
3:36 of 1st period - Tyler Johnson wins face-off versus Sam Reinhart in Capitals zone.
4:12 of 1st period - Icing by Sam Reinhart.
4:13 of 1st period - Sam Reinhart wins face-off versus David Kampf in Devils zone.
4:20 of 1st period - Shot by Travis Konecny.
4:20 of 1st period - Shot Blocked by Noah Dobson.
5:05 of 1st period - Quinton Byfield is hit by Dougie Hamilton and loses puck.
5:43 of 1st period - Shot by Kevin Labanc.
5:43 of 1st period - Shot Blocked by Justin Schultz.
6:10 of 1st period - Shot by Evgeni Malkin.
6:10 of 1st period - Shot Hit the Post.
6:12 of 1st period - Shot by Nino Niederreiter.
6:12 of 1st period - Shot Misses the Net.
6:14 of 1st period - Shot by Mikhail Sergachev.
6:14 of 1st period - Stopped by Joonas Korpisalo without a rebound.
6:15 of 1st period - Nicklas Backstrom wins face-off versus Elias Pettersson in Capitals zone.
6:23 of 1st period - Icing by Cody Ceci.
6:24 of 1st period - Sam Reinhart wins face-off versus Elias Pettersson in Capitals zone.
6:43 of 1st period - Shot by Matias Maccelli.
6:43 of 1st period - Stopped by Andrei Vasilevskiy without a rebound.
6:44 of 1st period - Evgeni Malkin wins face-off versus Quinton Byfield in Devils zone.
7:08 of 1st period - Shot by Evgeni Malkin.
7:08 of 1st period - Stopped by Joonas Korpisalo with a rebound.
7:10 of 1st period - Shot by Matt Boldy.
7:10 of 1st period - Stopped by Joonas Korpisalo with a rebound.
7:12 of 1st period - Shot by Damon Severson.
7:12 of 1st period - Goal by Damon Severson - Devils : 1 - Capitals : 0.
7:13 of 1st period - Sam Reinhart wins face-off versus Elias Pettersson in neutral zone.
7:16 of 1st period - Shot by Travis Konecny.
7:16 of 1st period - Shot Misses the Net.
7:37 of 1st period - Sam Reinhart is hit by Noah Dobson and loses puck.
7:49 of 1st period - Icing by Noah Dobson.
7:50 of 1st period - Elias Pettersson wins face-off versus Dylan Cozens in Capitals zone.
7:52 of 1st period - Icing by Noah Dobson.
7:53 of 1st period - Elias Pettersson wins face-off versus Mike Hoffman in Capitals zone.
8:29 of 1st period - Off-side.
8:30 of 1st period - Sam Reinhart wins face-off versus Michael Rasmussen in neutral zone.
8:39 of 1st period - Shot by Urho Vaakanainen.
8:39 of 1st period - Shot Blocked by Jonas Siegenthaler.
8:41 of 1st period - Shot by Chris Kreider.
8:41 of 1st period - Stopped by Joonas Korpisalo without a rebound.
8:42 of 1st period - Evgeni Malkin wins face-off versus Pavel Zacha in Capitals zone.
8:53 of 1st period - Shot by Evgeni Malkin.
8:53 of 1st period - Shot Misses the Net.
9:01 of 1st period - Shot by Evgeni Malkin.
9:01 of 1st period - Stopped by Joonas Korpisalo without a rebound.
9:02 of 1st period - Quinton Byfield wins face-off versus Sam Reinhart in Capitals zone.
9:02 of 1st period - Quinton Byfield is hit by Sam Reinhart.
9:12 of 1st period - Shot by Travis Konecny.
9:12 of 1st period - Stopped by Joonas Korpisalo without a rebound.
9:13 of 1st period - Evgeni Malkin wins face-off versus Elias Pettersson in Capitals zone.
9:16 of 1st period - Shot by Nino Niederreiter.
9:16 of 1st period - Stopped by Joonas Korpisalo without a rebound.
9:17 of 1st period - Sam Reinhart wins face-off versus Elias Pettersson in Capitals zone.
9:30 of 1st period - Shot by Chris Kreider.
9:30 of 1st period - Stopped by Joonas Korpisalo without a rebound.
9:31 of 1st period - Michael Rasmussen wins face-off versus Evgeni Malkin in Capitals zone.
9:31 of 1st period - Michael Rasmussen is hit by Nino Niederreiter.
9:39 of 1st period - Matt Boldy is hit by Quinton Byfield and loses puck.
9:43 of 1st period - Minor Penalty to Erik Gustafsson for Hooking.
9:44 of 1st period - Michael Rasmussen wins face-off versus Dylan Cozens in Devils zone.
9:47 of 1st period - Shot by Cody Ceci.
9:47 of 1st period - Shot Blocked by Justin Schultz.
9:49 of 1st period - Shot by Quinton Byfield.
9:49 of 1st period - Stopped by Andrei Vasilevskiy without a rebound.
9:50 of 1st period - Michael Rasmussen wins face-off versus Kyle Okposo in Devils zone.
9:55 of 1st period - Shot by Cody Ceci.
9:55 of 1st period - Goal by Cody Ceci - Devils : 1 - Capitals : 1.
9:56 of 1st period - Elias Pettersson wins face-off versus Dylan Cozens in neutral zone.
10:02 of 1st period - Minor Penalty to Elias Pettersson for Holding.
10:03 of 1st period - Tyler Johnson wins face-off versus Travis Konecny in Capitals zone.
10:27 of 1st period - Shot by Mikhail Sergachev.
10:27 of 1st period - Shot Misses the Net.
10:29 of 1st period - Shot by Dougie Hamilton.
10:29 of 1st period - Shot Blocked by Quinton Byfield.
10:48 of 1st period - Travis Konecny is hit by Cody Ceci and loses puck.
11:17 of 1st period - Shot by Evgeni Malkin.
11:17 of 1st period - Shot Misses the Net.
11:19 of 1st period - Shot by Erik Gustafsson.
11:19 of 1st period - Shot Misses the Net.
11:59 of 1st period - Shot by Dougie Hamilton.
11:59 of 1st period - Stopped by Joonas Korpisalo without a rebound.
12:00 of 1st period - Tyler Johnson wins face-off versus Sam Reinhart in Capitals zone.
12:00 of 1st period - Tyler Johnson is hit by Chris Kreider.
13:33 of 1st period - Dougie Hamilton is hit by Elias Pettersson and loses puck.
13:49 of 1st period - Mikhail Sergachev is hit by Michael Rasmussen and loses puck.
14:22 of 1st period - Icing by Mikhail Sergachev.
14:23 of 1st period - Sam Reinhart wins face-off versus Pavel Zacha in Devils zone.
14:23 of 1st period - Sam Reinhart is hit by Jordan Greenway.
15:00 of 1st period - Shot by Pavel Zacha.
15:00 of 1st period - Deflect By Kevin Labanc.
15:00 of 1st period - Shot Misses the Net.
15:02 of 1st period - Shot by Kevin Labanc.
15:02 of 1st period - Stopped by Andrei Vasilevskiy with a rebound.
16:43 of 1st period - Shot by Alex Nylander.
16:43 of 1st period - Stopped by Andrei Vasilevskiy without a rebound.
16:44 of 1st period - Sam Reinhart wins face-off versus Pavel Zacha in Devils zone.
17:09 of 1st period - Dougie Hamilton is hit by Pavel Zacha and loses puck.
17:13 of 1st period - Dougie Hamilton is hit by Ben Hutton and loses puck.
17:18 of 1st period - Shot by Chris Kreider.
17:18 of 1st period - Stopped by Joonas Korpisalo without a rebound.
17:19 of 1st period - Michael Rasmussen wins face-off versus Mathieu Joseph in Capitals zone.
18:10 of 1st period - Icing by Damon Severson.
18:11 of 1st period - Elias Pettersson wins face-off versus Dylan Cozens in Devils zone.
18:35 of 1st period - Kaapo Kakko is hit by Erik Gustafsson and loses puck.
18:50 of 1st period - Shot by Elias Pettersson.
18:50 of 1st period - Stopped by Andrei Vasilevskiy with a rebound.
18:52 of 1st period - Shot by Elias Pettersson.
18:52 of 1st period - Shot Misses the Net.
18:54 of 1st period - Shot by Noah Dobson.
18:54 of 1st period - Stopped by Andrei Vasilevskiy with a rebound.
18:56 of 1st period - Shot by Noah Dobson.
18:56 of 1st period - Shot Blocked by Damon Severson.
19:10 of 1st period - Shot by Pavel Zacha.
19:10 of 1st period - Stopped by Andrei Vasilevskiy without a rebound.
19:11 of 1st period - Evgeni Malkin wins face-off versus Pavel Zacha in Devils zone.
19:35 of 1st period - Icing by Samuel Bolduc.
19:36 of 1st period - Sam Reinhart wins face-off versus Pavel Zacha in Capitals zone.
19:56 of 1st period - Icing by Jonas Siegenthaler.
19:57 of 1st period - Pavel Zacha wins face-off versus Nino Niederreiter in Capitals zone.
19:57 of 1st period - Jonas Siegenthaler is hit by Evgeni Malkin and loses puck.
Goals for this period are 1 for Devils vs 1 for Capitals.
Shots for this period are 20 for Devils vs 9 for Capitals.

2nd period


0:01 of 2nd period - Evgeni Malkin wins face-off versus Kaapo Kakko in neutral zone.
0:09 of 2nd period - Matt Boldy is hit by Noah Dobson and loses puck.
0:34 of 2nd period - Shot by Evgeni Malkin.
0:34 of 2nd period - Shot Blocked by Cody Ceci.
0:39 of 2nd period - Matt Boldy is hit by Cody Ceci and loses puck.
1:27 of 2nd period - Icing by Samuel Bolduc.
1:28 of 2nd period - Michael Rasmussen wins face-off versus Mathieu Joseph in Capitals zone.
1:32 of 2nd period - Michael Rasmussen is hit by Mathieu Joseph and loses puck.
1:33 of 2nd period - Minor Penalty to Dylan Cozens for Elbowing.
1:34 of 2nd period - Nicklas Backstrom wins face-off versus Michael Rasmussen in Devils zone.
1:47 of 2nd period - Quinton Byfield is hit by Kyle Okposo and loses puck.
3:16 of 2nd period - Shot by Cody Ceci.
3:16 of 2nd period - Shot Misses the Net.
3:18 of 2nd period - Shot by Quinton Byfield.
3:18 of 2nd period - Stopped by Andrei Vasilevskiy without a rebound.
3:19 of 2nd period - Kyle Okposo wins face-off versus Tyler Johnson in Devils zone.
5:16 of 2nd period - Evgeni Malkin is hit by Cody Ceci and loses puck.
5:35 of 2nd period - Shot by Elias Pettersson.
5:35 of 2nd period - Shot Misses the Net.
5:37 of 2nd period - Shot by Kaapo Kakko.
5:37 of 2nd period - Stopped by Andrei Vasilevskiy with a rebound.
5:41 of 2nd period - Shot by Elias Pettersson.
5:41 of 2nd period - Shot Misses the Net.
5:43 of 2nd period - Shot by Elias Pettersson.
5:43 of 2nd period - Shot Misses the Net.
5:45 of 2nd period - Shot by Kaapo Kakko.
5:45 of 2nd period - Shot Misses the Net.
5:47 of 2nd period - Shot by Noah Dobson.
5:47 of 2nd period - Goal by Noah Dobson - Devils : 1 - Capitals : 2.
5:48 of 2nd period - Pavel Zacha wins face-off versus Chris Kreider in neutral zone.
6:36 of 2nd period - Icing by Ben Hutton.
6:37 of 2nd period - Pavel Zacha wins face-off versus Dylan Cozens in Capitals zone.
6:54 of 2nd period - Shot by Matias Maccelli.
6:54 of 2nd period - Stopped by Andrei Vasilevskiy without a rebound.
6:55 of 2nd period - Evgeni Malkin wins face-off versus Elias Pettersson in Devils zone.
6:55 of 2nd period - Evgeni Malkin is hit by Elias Pettersson.
7:30 of 2nd period - Cody Ceci is hit by Matt Boldy and loses puck.
8:11 of 2nd period - Shot by Travis Konecny.
8:11 of 2nd period - Stopped by Joonas Korpisalo without a rebound.
8:12 of 2nd period - Mathieu Joseph wins face-off versus Quinton Byfield in Capitals zone.
8:13 of 2nd period - Shot by Dylan Cozens.
8:13 of 2nd period - Deflect By Mike Hoffman.
8:13 of 2nd period - Stopped by Joonas Korpisalo without a rebound.
8:14 of 2nd period - Dylan Cozens wins face-off versus Tyler Johnson in Capitals zone.
8:22 of 2nd period - Mike Hoffman is hit by Jonas Siegenthaler and loses puck.
8:53 of 2nd period - Shot by Dougie Hamilton.
8:53 of 2nd period - Stopped by Joonas Korpisalo without a rebound.
8:54 of 2nd period - Pavel Zacha wins face-off versus Evgeni Malkin in Capitals zone.
9:07 of 2nd period - Shot by Pavel Zacha.
9:07 of 2nd period - Stopped by Andrei Vasilevskiy without a rebound.
9:08 of 2nd period - Elias Pettersson wins face-off versus Sam Reinhart in Devils zone.
9:14 of 2nd period - Chris Kreider is hit by Ben Hutton and loses puck.
9:33 of 2nd period - Shot by Kaapo Kakko.
9:33 of 2nd period - Shot Misses the Net.
9:35 of 2nd period - Shot by David Kampf.
9:35 of 2nd period - Stopped by Andrei Vasilevskiy without a rebound.
9:36 of 2nd period - Pavel Zacha wins face-off versus Evgeni Malkin in Devils zone.
9:49 of 2nd period - Shot by Pavel Zacha.
9:49 of 2nd period - Shot Misses the Net.
9:59 of 2nd period - Shot by Evgeni Malkin.
9:59 of 2nd period - Shot Blocked by Cody Ceci.
10:18 of 2nd period - Shot by Pavel Zacha.
10:18 of 2nd period - Stopped by Andrei Vasilevskiy without a rebound.
10:19 of 2nd period - Dylan Cozens wins face-off versus Elias Pettersson in Devils zone.
10:53 of 2nd period - Mathieu Joseph is hit by Elias Pettersson and loses puck.
10:57 of 2nd period - Mike Hoffman is hit by Matias Maccelli.
11:12 of 2nd period - Minor Penalty to Elias Pettersson for Hooking.
11:13 of 2nd period - Sam Reinhart wins face-off versus Tyler Johnson in Capitals zone.
11:16 of 2nd period - Shot by Chris Kreider.
11:16 of 2nd period - Deflect By Travis Konecny.
11:16 of 2nd period - Shot Blocked by Ben Hutton.
11:18 of 2nd period - Shot by Chris Kreider.
11:18 of 2nd period - Shot Misses the Net.
11:20 of 2nd period - Shot by Chris Kreider.
11:20 of 2nd period - Stopped by Joonas Korpisalo without a rebound.
11:21 of 2nd period - Tyler Johnson wins face-off versus Sam Reinhart in Capitals zone.
11:29 of 2nd period - Sam Reinhart is hit by Quinton Byfield and loses puck.
11:49 of 2nd period - Off-side.
11:50 of 2nd period - Tyler Johnson wins face-off versus Evgeni Malkin in neutral zone.
12:25 of 2nd period - Shot by Mikhail Sergachev.
12:25 of 2nd period - Stopped by Joonas Korpisalo without a rebound.
12:26 of 2nd period - Sam Reinhart wins face-off versus Tyler Johnson in Capitals zone.
12:31 of 2nd period - Shot by Chris Kreider.
12:31 of 2nd period - Shot Misses the Net.
12:33 of 2nd period - Shot by Chris Kreider.
12:33 of 2nd period - Shot Blocked by Cody Ceci.
12:35 of 2nd period - Shot by Chris Kreider.
12:35 of 2nd period - Shot Blocked by Quinton Byfield.
13:07 of 2nd period - Shot by Travis Konecny.
13:07 of 2nd period - Shot Misses the Net.
13:09 of 2nd period - Shot by Chris Kreider.
13:09 of 2nd period - Shot Blocked by Ben Hutton.
13:11 of 2nd period - Shot by Damon Severson.
13:11 of 2nd period - Shot Misses the Net.
13:21 of 2nd period - Shot by Dylan Cozens.
13:21 of 2nd period - Deflect By Mike Hoffman.
13:21 of 2nd period - Shot Blocked by Elias Pettersson.
13:23 of 2nd period - Shot by Mathieu Joseph.
13:23 of 2nd period - Shot Misses the Net.
13:43 of 2nd period - Shot by Jonas Siegenthaler.
13:43 of 2nd period - Stopped by Andrei Vasilevskiy without a rebound.
13:44 of 2nd period - Evgeni Malkin wins face-off versus Pavel Zacha in Devils zone.
13:59 of 2nd period - Shot by Evgeni Malkin.
13:59 of 2nd period - Deflect By Nino Niederreiter.
13:59 of 2nd period - Stopped by Joonas Korpisalo without a rebound.
14:00 of 2nd period - Elias Pettersson wins face-off versus Nicklas Backstrom in Capitals zone.
14:17 of 2nd period - Shot by Matias Maccelli.
14:17 of 2nd period - Stopped by Andrei Vasilevskiy without a rebound.
14:18 of 2nd period - Sam Reinhart wins face-off versus Pavel Zacha in Devils zone.
14:49 of 2nd period - Shot by Ben Hutton.
14:49 of 2nd period - Stopped by Andrei Vasilevskiy without a rebound.
14:50 of 2nd period - Evgeni Malkin wins face-off versus Elias Pettersson in Devils zone.
15:14 of 2nd period - Shot by Elias Pettersson.
15:14 of 2nd period - Shot Misses the Net.
15:16 of 2nd period - Shot by Elias Pettersson.
15:16 of 2nd period - Stopped by Andrei Vasilevskiy without a rebound.
15:17 of 2nd period - Michael Rasmussen wins face-off versus Sam Reinhart in Devils zone.
15:17 of 2nd period - Tyler Johnson is hit by Mikhail Sergachev and loses puck.
15:42 of 2nd period - Shot by Quinton Byfield.
15:42 of 2nd period - Shot Misses the Net.
16:03 of 2nd period - Travis Konecny is hit by Samuel Bolduc and loses puck.
16:23 of 2nd period - Nino Niederreiter is hit by Cody Ceci and loses puck.
17:16 of 2nd period - Shot by Mathieu Joseph.
17:16 of 2nd period - Goal by Mathieu Joseph - Devils : 2 - Capitals : 2.
17:17 of 2nd period - Dylan Cozens wins face-off versus Pavel Zacha in neutral zone.
17:38 of 2nd period - Shot by Dylan Cozens.
17:38 of 2nd period - Shot Misses the Net.
17:53 of 2nd period - Icing by Dylan Cozens.
17:54 of 2nd period - Michael Rasmussen wins face-off versus Dylan Cozens in Devils zone.
18:01 of 2nd period - Tyler Johnson is hit by Mathieu Joseph and loses puck.
18:22 of 2nd period - Shot by Travis Konecny.
18:22 of 2nd period - Shot Blocked by Michael Rasmussen.
18:51 of 2nd period - Shot by Travis Konecny.
18:51 of 2nd period - Stopped by Joonas Korpisalo with a rebound.
19:16 of 2nd period - Minor Penalty to Dougie Hamilton for Holding.
19:17 of 2nd period - Morgan Frost wins face-off versus Dylan Cozens in Devils zone.
Goals for this period are 1 for Devils vs 1 for Capitals.
Shots for this period are 8 for Devils vs 11 for Capitals.

3rd period


0:01 of 3rd period - Michael Rasmussen wins face-off versus Dylan Cozens in neutral zone.
0:08 of 3rd period - Shot by Morgan Frost.
0:08 of 3rd period - Shot Misses the Net.
0:10 of 3rd period - Shot by Quinton Byfield.
0:10 of 3rd period - Stopped by Andrei Vasilevskiy without a rebound.
0:11 of 3rd period - Dylan Cozens wins face-off versus Michael Rasmussen in Devils zone.
0:26 of 3rd period - Shot by Cody Ceci.
0:26 of 3rd period - Stopped by Andrei Vasilevskiy without a rebound.
0:27 of 3rd period - Dylan Cozens wins face-off versus Tyler Johnson in Devils zone.
0:27 of 3rd period - Dylan Cozens is hit by Jordan Greenway.
0:38 of 3rd period - Tyler Johnson is hit by Kyle Okposo.
1:11 of 3rd period - Shot by Matias Maccelli.
1:11 of 3rd period - Shot Blocked by Justin Schultz.
1:24 of 3rd period - Matt Boldy is hit by Ben Hutton and loses puck.
1:32 of 3rd period - Off-side.
1:33 of 3rd period - Quinton Byfield wins face-off versus Sam Reinhart in neutral zone.
1:40 of 3rd period - Shot by Quinton Byfield.
1:40 of 3rd period - Stopped by Andrei Vasilevskiy without a rebound.
1:41 of 3rd period - Evgeni Malkin wins face-off versus Matias Maccelli in Devils zone.
1:49 of 3rd period - Evgeni Malkin is hit by Cody Ceci and loses puck.
2:51 of 3rd period - Minor Penalty to Dylan Cozens for Cross-checking.
2:52 of 3rd period - Michael Rasmussen wins face-off versus Nicklas Backstrom in Devils zone.
2:55 of 3rd period - Shot by Ben Hutton.
2:55 of 3rd period - Stopped by Andrei Vasilevskiy without a rebound.
2:56 of 3rd period - Michael Rasmussen wins face-off versus Nicklas Backstrom in Devils zone.
3:01 of 3rd period - Shot by Ben Hutton.
3:01 of 3rd period - Shot Misses the Net.
3:34 of 3rd period - Icing by Morgan Frost.
3:35 of 3rd period - Michael Rasmussen wins face-off versus Evgeni Malkin in Capitals zone.
5:12 of 3rd period - Icing by Urho Vaakanainen.
5:13 of 3rd period - Pavel Zacha wins face-off versus Dylan Cozens in Devils zone.
5:28 of 3rd period - Shot by Justin Schultz.
5:28 of 3rd period - Stopped by Joonas Korpisalo without a rebound.
5:29 of 3rd period - Quinton Byfield wins face-off versus Chris Kreider in Capitals zone.
5:29 of 3rd period - Quinton Byfield is hit by Chris Kreider.
5:36 of 3rd period - Noah Dobson is hit by Mikhail Sergachev.
5:38 of 3rd period - Shot by Quinton Byfield.
5:38 of 3rd period - Shot Misses the Net.
5:40 of 3rd period - Shot by Noah Dobson.
5:40 of 3rd period - Shot Blocked by Chris Kreider.
5:50 of 3rd period - Shot by Alex Nylander.
5:50 of 3rd period - Shot Misses the Net.
5:52 of 3rd period - Shot by Quinton Byfield.
5:52 of 3rd period - Shot Misses the Net.
6:21 of 3rd period - Chris Kreider is hit by Elias Pettersson.
6:41 of 3rd period - Minor Penalty to Matias Maccelli for Hooking.
6:42 of 3rd period - Tyler Johnson wins face-off versus Evgeni Malkin in Capitals zone.
7:11 of 3rd period - Shot by Nino Niederreiter.
7:11 of 3rd period - Stopped by Joonas Korpisalo with a rebound.
7:13 of 3rd period - Shot by Erik Gustafsson.
7:13 of 3rd period - Shot Blocked by Cody Ceci.
7:15 of 3rd period - Shot by Damon Severson.
7:15 of 3rd period - Shot Misses the Net.
7:17 of 3rd period - Shot by Damon Severson.
7:17 of 3rd period - Shot Misses the Net.
7:49 of 3rd period - Shot by Chris Kreider.
7:49 of 3rd period - Stopped by Joonas Korpisalo without a rebound.
7:50 of 3rd period - Michael Rasmussen wins face-off versus Evgeni Malkin in Capitals zone.
9:06 of 3rd period - Icing by David Kampf.
9:07 of 3rd period - Pavel Zacha wins face-off versus Nicklas Backstrom in Capitals zone.
9:13 of 3rd period - Shot by Kevin Labanc.
9:13 of 3rd period - Shot Misses the Net.
10:43 of 3rd period - Dylan Cozens is hit by Quinton Byfield and loses puck.
11:54 of 3rd period - Off-side.
11:55 of 3rd period - Elias Pettersson wins face-off versus Sam Reinhart in neutral zone.
12:14 of 3rd period - Shot by Chris Kreider.
12:14 of 3rd period - Shot Misses the Net.
12:20 of 3rd period - Shot by Ben Hutton.
12:20 of 3rd period - Shot Misses the Net.
12:22 of 3rd period - Shot by David Kampf.
12:22 of 3rd period - Shot Misses the Net.
12:24 of 3rd period - Shot by Elias Pettersson.
12:24 of 3rd period - Shot Misses the Net.
12:40 of 3rd period - Matias Maccelli is hit by Damon Severson and loses puck.
12:56 of 3rd period - Icing by Jonas Siegenthaler.
12:57 of 3rd period - Dylan Cozens wins face-off versus Pavel Zacha in Capitals zone.
13:31 of 3rd period - Icing by Urho Vaakanainen.
13:32 of 3rd period - Dylan Cozens wins face-off versus Quinton Byfield in Devils zone.
13:54 of 3rd period - Shot by Quinton Byfield.
13:54 of 3rd period - Shot Misses the Net.
14:00 of 3rd period - Cody Ceci is hit by Mathieu Joseph and loses puck.
14:17 of 3rd period - Shot by Evgeni Malkin.
14:17 of 3rd period - Stopped by Joonas Korpisalo without a rebound.
14:18 of 3rd period - Elias Pettersson wins face-off versus Sam Reinhart in Capitals zone.
14:23 of 3rd period - Shot by Kaapo Kakko.
14:23 of 3rd period - Stopped by Andrei Vasilevskiy with a rebound.
14:30 of 3rd period - Chris Kreider is hit by Jonas Siegenthaler and loses puck.
14:36 of 3rd period - Travis Konecny is hit by Jonas Siegenthaler and loses puck.
14:39 of 3rd period - Shot by Travis Konecny.
14:39 of 3rd period - Goal by Travis Konecny - Devils : 3 - Capitals : 2.
14:40 of 3rd period - Pavel Zacha wins face-off versus Evgeni Malkin in neutral zone.
15:20 of 3rd period - Shot by Evgeni Malkin.
15:20 of 3rd period - Stopped by Joonas Korpisalo without a rebound.
15:21 of 3rd period - Elias Pettersson wins face-off versus Sam Reinhart in Capitals zone.
15:42 of 3rd period - Off-side.
15:43 of 3rd period - Michael Rasmussen wins face-off versus Mike Hoffman in neutral zone.
16:05 of 3rd period - Shot by Mathieu Joseph.
16:05 of 3rd period - Stopped by Joonas Korpisalo without a rebound.
16:06 of 3rd period - Evgeni Malkin wins face-off versus Elias Pettersson in Capitals zone.
16:49 of 3rd period - Icing by Damon Severson.
16:50 of 3rd period - Pavel Zacha wins face-off versus Evgeni Malkin in Devils zone.
17:05 of 3rd period - Kevin Labanc is hit by Nino Niederreiter and loses puck.
17:13 of 3rd period - Minor Penalty to Mathieu Joseph for Elbowing.
17:14 of 3rd period - Dylan Cozens wins face-off versus Quinton Byfield in Devils zone.
17:14 of 3rd period - Dylan Cozens is hit by Michael Rasmussen.
18:28 of 3rd period - Shot by Noah Dobson.
18:28 of 3rd period - Shot Misses the Net.
18:46 of 3rd period - Shot by Noah Dobson.
18:46 of 3rd period - Shot Misses the Net.
19:02 of 3rd period - Capitals, Joonas Korpisalo is pulled from the net.
19:18 of 3rd period - Shot by Chris Kreider.
19:18 of 3rd period - Goal by Chris Kreider - Devils : 4 - Capitals : 2.
19:18 of 3rd period - Joonas Korpisalo from Capitals was sent back in the game.
19:19 of 3rd period - Evgeni Malkin wins face-off versus Pavel Zacha in neutral zone.
19:28 of 3rd period - Shot by Evgeni Malkin.
19:28 of 3rd period - Shot Misses the Net.
19:37 of 3rd period - Icing by Jordan Greenway.
19:38 of 3rd period - Pavel Zacha wins face-off versus Sam Reinhart in Capitals zone.
19:40 of 3rd period - Icing by Jonas Siegenthaler.
19:41 of 3rd period - Pavel Zacha wins face-off versus Mathieu Joseph in Capitals zone.
19:43 of 3rd period - Icing by Jonas Siegenthaler.
19:44 of 3rd period - Dylan Cozens wins face-off versus Pavel Zacha in Capitals zone.
19:45 of 3rd period - Shot by Damon Severson.
19:45 of 3rd period - Shot Misses the Net.
Goals for this period are 2 for Devils vs 0 for Capitals.
Shots for this period are 8 for Devils vs 5 for Capitals.